 Dungeon Crawl Stone Soup version 0.30-a0-341-g682706514a (webtiles) character file.

Game seed: 5571716705869730776

1669 Elric the Spear-Bearer (level 9, 0/65 HPs)
             Began as a Merfolk Fighter on Nov 3, 2022.
             Killed from afar by an orc wizard (7 damage)
             ... with a magic dart
             ... on level 6 of the Dungeon.
             The game lasted 00:10:46 (5845 turns).

Elric the Spear-Bearer (Merfolk Fighter)            Turns: 5845, Time: 00:10:46

Health: 0/65       AC: 16    Str: 21    XL:     9   Next: 1%
Magic:  18/18      EV:  6    Int:  7    God:
Gold:   406        SH:  5    Dex: 13    Spells: 8/8 levels left

rFire   . . .      SeeInvis .    a - +0 trident
rCold   . . .      Faith    .    c - +0 buckler
rNeg    . . .      Spirit   .    v - +0 plate armour
rPois   .          Reflect  .    (no helmet)
rElec   .          Harm     .    h - +2 cloak
rCorr   .          Rampage  .    (no gloves)
Will    .....                    n - +0 pair of boots
Stlth   ..........               (no amulet)
HPRegen 0.30/turn                m - ring of flight
MPRegen 0.16/turn                d - ring of magical power

@: flying
A: (nimble swimmer 2), mertail
a: no special abilities


You were on level 6 of the Dungeon.
You visited 1 branch of the dungeon, and saw 6 of its levels.

You collected 406 gold pieces.

Inventory:

Hand Weapons
 a - a +0 trident (weapon)
Armour
 c - a +0 buckler (worn)
 h - a +2 cloak (worn)
 n - a +0 pair of boots (worn)
 v - a +0 plate armour (worn)
Jewellery
 d - a ring of magical power (right hand)
 m - a ring of flight (left hand)
Wands
 u - a wand of quicksilver (10)
Scrolls
 e - a scroll of enchant armour {unknown}
 f - a scroll of fear
 g - a scroll of immolation {unknown}
 j - a scroll of vulnerability {unknown}
 k - a scroll of acquirement {unknown}
 l - 3 scrolls of teleportation {unknown}
 q - 4 scrolls of summoning {unknown}
 r - 3 scrolls of identify {unknown}
 s - 2 scrolls of poison {unknown}
 t - a scroll of amnesia {unknown}
Potions
 b - 2 potions of might
 i - a potion of invisibility
 o - a potion of haste
 p - a potion of lignification


   Skills:
 + Level 3.8 Fighting
 + Level 10.8 Polearms
 + Level 4.5 Armour
 + Level 6.1 Shields


You had 8 spell levels left.
You didn't know any spells.
Your spell library was empty.

Dungeon Overview and Level Annotations

Branches:
Dungeon (6/15)
 Temple: D:4-7

Altars:
Gozag
Hepliaklqana
Qazlal
The Shining One

Shops:
D:3 [

Annotations:
D:6 Grum


Innate Abilities, Weirdness & Mutations

((You are very nimble when in or above water. (Stealth+, EV+, Speed+++)))
Your lower body shifts to a powerful aquatic tail in water.


Message History

Something hits you but does no damage. Something hits you.
You are electrocuted!
* * * LOW HITPOINT WARNING * * *
You block the orc warrior's attack. Something hits you but does no damage.
The orc warrior attacks as you move away!
The orc warrior hits you but does no damage.
Something hits you.
* * * LOW HITPOINT WARNING * * *
Something hits you but does no damage. Something hits you but does no damage.
An orc wizard appears from thin air!
Reactivating autopickup.
Something hits you but does no damage.
Deactivating autopickup; reactivate with Ctrl-A.
The orc warrior attacks as you move away!
The orc warrior hits you but does no damage.
An orc wizard appears from thin air!
Reactivating autopickup.
The orc wizard points at you and mumbles some strange words.
You block the puff of flame. The orc wizard casts a spell at you.
You are confused.
The orc warrior attacks as you move away!
The orc warrior hits you but does no damage.
You see here a +0 whip.
The orc warrior hits you with a +0 hand axe.
* * * LOW HITPOINT WARNING * * *
The orc warrior hits you with a +0 hand axe.
* * * LOW HITPOINT WARNING * * *
You see here a +0 whip.
The orc warrior attacks as you move away!
The orc warrior hits you with a +0 hand axe.
* * * LOW HITPOINT WARNING * * *
You feel less confused.
The orc wizard attacks as you move away!
The orc wizard hits you but does no damage.
The orc wizard points at you and mumbles some strange words.
The magic dart hits you!
You die...

### ###.### ####
#.....###..########
####.....#.....##...##
##.##.....o.>.........#
#........##.........### ####
##...{o...#.go......####....
##........#).o.......##.....
##.........o....@......#.#..#
.##........................# #
.#..............###........## ##
................##.....##...####.
................###...###....##..
####.....#.......#...####........
.# #..#.##................#.....[
## ######.........#....##........
.### #............###........


You could see Grum, an orc warrior, 2 orc wizards and an orc.

Vanquished Creatures
  Menkaure (D:5)
  A water moccasin (D:5)
  An ice beast (D:5)
  An ogre (D:5)
  A centaur (D:5)
  A phantom (D:5)
  A scorpion (D:5)
  5 wights (D:6)
  5 killer bees (D:4)
  A jelly (D:5)
  4 hounds
  2 gnoll boudas
  An orc wizard (D:5)
  4 iguanas
  13 gnolls
  3 adders
  A white imp (D:6)
  An ufetubus (D:5)
  2 dart slugs (D:4)
  9 orcs
  6 bats
  7 endoplasms
  3 giant cockroaches
  5 goblins
  6 hobgoblins
  2 jackals (D:3)
  A quokka (D:3)
  2 training dummies (D:4)
  3 ball pythons
  4 frilled lizards
  10 kobolds
  9 rats
116 creatures vanquished.

Notes
Turn   | Place    | Note
-------+----------+-------------------------------------------
     0 | D:1      | Elric the Merfolk Fighter began the quest for the Orb.
     0 | D:1      | Reached XP level 1. HP: 18/18 MP: 1/1
    36 | D:1      | Reached skill level 3 in Polearms
    36 | D:1      | Reached XP level 2. HP: 24/24 MP: 2/2
   145 | D:1      | Reached skill level 4 in Polearms
   145 | D:1      | Reached XP level 3. HP: 19/29 MP: 3/3
   813 | D:2      | Reached skill level 5 in Polearms
  1044 | D:2      | Reached XP level 4. HP: 35/35 MP: 4/4
  1742 | D:3      | Found Iroev's Armour Shop.
  2372 | D:4      | Reached XP level 5. HP: 39/41 MP: 5/5
  2465 | D:4      | Reached skill level 6 in Polearms
  2850 | D:4      | Reached XP level 6. HP: 27/47 MP: 6/6
  2862 | D:4      | Reached skill level 7 in Polearms
  3220 | D:5      | Entered Level 5 of the Dungeon
  3236 | D:4      | Reached XP level 7. HP: 52/52 MP: 7/7
  3795 | D:5      | Reached skill level 8 in Polearms
  4311 | D:5      | Found a stormy altar of Qazlal.
  4334 | D:5      | Reached skill level 5 in Shields
  4395 | D:5      | Reached skill level 9 in Polearms
  4395 | D:5      | Reached XP level 8. HP: 37/58 MP: 8/8
  4623 | D:5      | Noticed Menkaure
  4633 | D:5      | Killed Menkaure
  4871 | D:5      | Found an opulent altar of Gozag.
  5039 | D:5      | Reached skill level 10 in Polearms
  5503 | D:6      | Found a hazy altar of Hepliaklqana.
  5512 | D:6      | Found a glowing golden altar of the Shining One.
  5807 | D:6      | Noticed Grum
  5822 | D:6      | Reached XP level 9. HP: 28/65 MP: 9/9
  5845 | D:6      | Killed from afar by an orc wizard

Illustrated notes

Levels and vault maps discovered:
D:1:      tarquinn_simple_flora_water_c, layout_rooms, grunt_decor_arrowhead,
          st_stairs_2, minmay_misc_feat_room
D:2:      layout_loops_corners
D:3:      layout_basic, serial_shops, shop, hangedman_decor_push
D:4:      dreamdust_elfheim, layout_basic
D:5:      layout_loops_corners, nicolae_qazlal_scattered_showers,
          nicolae_gozag_seed_capital, kennysheep_boxes, uniq_menkaure
D:6:      layout_cave_pools, mainiacjoe_overflow_chevrons,
          makhleb_blood_cavern_becter, mainiacjoe_overflow_catwalk,
          minmay_temple_entry_junction_2, serial_gnoll_camp,
          gnoll_camp_medium_02, gnoll_camp_mini_hut, gnoll_camp_mini_hut,
          grums_kennel, gnoll_camp_mini_hut, serial_bayou_lagoon_a,
          uniq_eustachio

Skill      XL: |  1  2  3  4  5  6  7  8 |
---------------+-------------------------+-----
Polearms       | 3 4 5 6 7 9 10 | 10.8
Shields        | 4 5 6 |  6.1
Armour         | 3 4 |  4.5
Fighting       | |  3.8

Action                   |  1- 3 |  4- 6 |  7- 9 || total
-------------------------+-------+-------+-------++-------
Melee: Trident           |   115 |   143 |   302 ||   560
Evoke: Wand              |       |       |     1 ||     1
  Use: Scroll            |       |     1 |       ||     1
       Potion            |       |     3 |     5 ||     8
 Stab: Invisible         |       |       |     2 ||     2
Armor: Scale mail        |    32 |    24 |       ||    56
       Plate armour      |       |    65 |   154 ||   219
Dodge: Dodged            |    41 |    47 |    46 ||   134
Block: Buckler           |    12 |    33 |    50 ||    95

Table legend: (Time is in decaauts)
 A = Elapsed time spent in this place.
 B = Non-inter-level travel time spent in this place.
 C = Inter-level travel time spent in this place.
 D = Time resting spent in this place.
 E = Time spent auto-exploring this place.
 F = Levels seen in this place.
 G = Mean time per level.
                   A        B        C        D        E       F      G
               +--------+--------+--------+--------+--------+-----+--------+
         Total |   5807 |   5577 |    230 |    391 |   4252 |   6 |  967.8 |
       Dungeon |   5807 |   5577 |    230 |    391 |   4252 |   6 |  967.8 |
               +--------+--------+--------+--------+--------+-----+--------+

Top non-repeatable levels by time:
     D:5: 1721 daAuts
     D:4: 1539 daAuts
     D:2: 830 daAuts
     D:3: 788 daAuts
     D:1: 559 daAuts
     D:6: 368 daAuts
